 Dungeon Crawl Stone Soup version 0.29.1-1-gd02db6906a (webtiles) character file.

Game seed: 12697168714324094977

23 RKaid the Shooter (level 2, 0/17 HPs)
             Began as a Deep Elf Hunter on Sept 18, 2022.
             Slain by an adder (1 damage)
             ... on level 2 of the Dungeon.
             The game lasted 00:01:02 (919 turns).

RKaid the Shooter (Deep Elf Hunter)                  Turns: 919, Time: 00:01:03

Health: 0/17       AC:  4    Str:  6 (8)  XL:     2   Next: 75%
Magic:  4/4        EV: 12    Int: 11 (13) God:
Gold:   41         SH:  0    Dex: 17 (18) Spells: 1/1 levels left

rFire   . . .      SeeInvis .   a - +0 shortbow
rCold   . . .      Faith    .   (shield currently unavailable)
rNeg    . . .      Spirit   .   c - +0 leather armour
rPois   .          Reflect  .   (no helmet)
rElec   .          Harm     .   (no cloak)
rCorr   .          Rampage  .   (no gloves)
Will    .....                   d - +0 pair of boots
Stlth   ++........              (no amulet)
HPRegen 0.05/turn               (no ring)
MPRegen 0.09/turn               (no ring)

@: mighty, lethally poisoned (0 -> -2)
A: no striking features
a: no special abilities


You were on level 2 of the Dungeon.
You visited 1 branch of the dungeon, and saw 2 of its levels.

You collected 41 gold pieces.

Inventory:

Hand Weapons
 a - a +0 shortbow (weapon)
Armour
 c - a +0 leather armour (worn)
 d - a +0 pair of boots (worn)
   (You found it on level 1 of the Dungeon)
Scrolls
 b - a scroll of immolation {!r}
 f - a scroll of identify {unknown}
 h - a scroll of vulnerability {unknown}
 i - a scroll of brand weapon {unknown}
 j - a scroll of amnesia {unknown}
Potions
 g - a potion of curing {unknown}


   Skills:
 + Level 1.9 Fighting
 * Level 5.9 Ranged Weapons
 + Level 2.9 Dodging
 - Level 1.2 Stealth


You had one spell level left.
You didn't know any spells.
Your spell library was empty.

Dungeon Overview and Level Annotations

Branches:
Dungeon (2/15)

Altars:


Message History

You shoot an arrow. The arrow hits the rat.
You kill the rat!
No target in view!
No target in view!
You now have 26 gold pieces (gained 14).
A giant cockroach comes into view.
You shoot an arrow. The arrow hits the giant cockroach.
You kill the giant cockroach!
No target in view!
No target in view!
No target in view!
You see here a +0 whip.
A kobold comes into view. It is wielding a +0 club.
You shoot an arrow.
The arrow hits the kobold but does no damage.
You shoot an arrow. The arrow hits the kobold!
You kill the kobold!
No target in view!
No target in view!
No target in view!
Things that are here:
a +0 club; 5 stones; a kobold corpse A rat comes into view.
You shoot an arrow. The arrow hits the rat!
You kill the rat!
No target in view!
No target in view!
No target in view!
You see here a rat corpse.
Found a stone staircase leading down.
No target in view!
There is a stone staircase leading down here.
There is a stone staircase leading down here.
You see here a rat corpse.
A hobgoblin comes into view.
The hobgoblin shouts!
You shoot an arrow. The arrow closely misses the hobgoblin.
You shoot an arrow. The arrow hits the hobgoblin!
You kill the hobgoblin!
No target in view!
No target in view!
No target in view!
No target in view!
No target in view!
No target in view!
No target in view!
You now have 41 gold pieces (gained 15).
A ball python comes into view.
You shoot an arrow. The arrow hits the ball python!
You kill the ball python!
No target in view!
No target in view!
No target in view!
Found a stone staircase leading down.
You see here 3 stones.
Done exploring.
Done exploring.
Done exploring.
Done exploring.
Search for what [? for help]? .
You see here 3 stones.
There is a stone staircase leading down here.
You climb downwards.
Found a stone staircase leading up.
There is a stone staircase leading up here.
A frilled lizard comes into view.
The frilled lizard hisses angrily.
You shoot an arrow. The arrow hits the frilled lizard!
You kill the frilled lizard!
No target in view!
An adder comes into view.
You shoot an arrow. The arrow completely misses the adder.
The adder hisses angrily.
The adder bites you but does no damage.
You shoot an arrow. The arrow closely misses the adder.
The adder bites you.
You shoot an arrow. The arrow closely misses the adder.
The adder barely misses you. The adder closely misses you.
You shoot an arrow. The arrow closely misses the adder.
The adder bites you. x2
You are poisoned.
The adder poisons you!
You shoot an arrow. The arrow hits the adder.
You feel sick. The adder misses you.
You are too injured to fight recklessly!
Unknown command.
It was a potion of might.
You feel very mighty all of a sudden.
You feel sick. The adder closely misses you.
The adder bites you but does no damage.
Fire: a) +0 shortbow
Press: ? - help, Q - select action Shift-Dir - straight line, f/p - adder
Aim: an adder (heavily wounded, 46% to hit)
You shoot an arrow. The arrow misses the adder.
You feel sick. The adder bites you.
* * * LOW HITPOINT WARNING * * *
It was a potion of degeneration.
There was something very wrong with that liquid.
You feel weakened.
You feel dopey.
You feel clumsy.
* * * LOW HITPOINT WARNING * * *
You feel sick. The adder bites you.
You die...

#. #. #. #. #.
#. #S######
#### #.@....#
.....######.#
.........##.#
.....###.##.#
...
...#.##.######
#
###.#.##......#
#<.......####.#
#####.##.##.#
#.....<.....#


You could see an adder.

Vanquished Creatures
  A dart slug (D:1)
  2 ball pythons (D:1)
  A bat (D:1)
  2 giant cockroaches (D:1)
  2 hobgoblins (D:1)
  4 jackals (D:1)
  A quokka (D:1)
  A frilled lizard (D:2)
  3 kobolds (D:1)
  2 rats (D:1)
19 creatures vanquished.

Notes
Turn   | Place    | Note
-------+----------+-------------------------------------------
     0 | D:1      | RKaid the Deep Elf Hunter began the quest for the Orb.
     0 | D:1      | Reached XP level 1. HP: 12/12 MP: 3/3
    99 | D:1      | Reached XP level 2. HP: 12/17 MP: 4/4
   918 | D:2      | HP: 2/17 [adder (3)]
   919 | D:2      | Slain by an adder

Illustrated notes

Levels and vault maps discovered:
D:1:      minmay_arrival_arboretum_large, layout_loops_cross, nicolae_titane
D:2:      layout_basic, ebering_ecumenical_altar_mist, uniq_jessica

Action                   || total
-------------------------++-------
 Fire: Shortbow          ||    53
  Use: Potion            ||     2
Armor: Leather armour    ||     8
Dodge: Dodged            ||    23

Table legend: (Time is in decaauts)
 A = Elapsed time spent in this place.
 B = Non-inter-level travel time spent in this place.
 C = Inter-level travel time spent in this place.
 D = Time resting spent in this place.
 E = Time spent auto-exploring this place.
 F = Levels seen in this place.
 G = Mean time per level.
                   A        B        C        D        E       F      G
               +--------+--------+--------+--------+--------+-----+--------+
         Total |    933 |    900 |     33 |    161 |    606 |   2 |  466.5 |
       Dungeon |    933 |    900 |     33 |    161 |    606 |   2 |  466.5 |
               +--------+--------+--------+--------+--------+-----+--------+

Top non-repeatable levels by time:
     D:1: 899 daAuts
     D:2: 33 daAuts

Table legend:
 A = Kills in this place as a percentage of kills in entire the game.
 B = Kills by you in this place as a percentage of kills by you in the entire game.
 C = Kills by friends in this place as a percentage of kills by friends in the entire game.
 D = Other kills in this place as a percentage of other kills in the entire game.
 E = Experience gained in this place as a percentage of experience gained in the entire game.
 F = Experience gained in this place divided by the number of levels of this place that you have seen.
                   A       B       C       D       E      F
               +-------+-------+-------+-------+-------+----------------------
         Total | 100.0 | 100.0 |   N/A |   N/A | 100.0 |  17.0
       Dungeon | 100.0 | 100.0 |   N/A |   N/A | 100.0 |  17.0
               +-------+-------+-------+-------+-------+----------------------
